 Dungeon Crawl Stone Soup version 0.29.1-13-g9f3cf754e1 (webtiles) character file.

Game seed: 11356241913557491334

3095 retardedninja the Conjurer (level 9, -20/62 HPs)
             Began as a Black Draconian Conjurer on Jan 24, 2023.
             Was a Follower of Vehumet.
             Demolished by a deep troll (23 damage)
             ... on level 8 of the Dungeon.
             The game lasted 00:21:27 (15290 turns).

retardedninja the Conjurer (DrCj)                  Turns: 15290, Time: 00:21:29

Health: -20/62     AC:  8    Str: 11    XL:     9   Next: 59%
Magic:  5/18       EV: 13    Int: 22    God:    Vehumet [*.....]
Gold:   293        SH: 11    Dex: 15    Spells: 17/20 levels left

rFire   . . .      SeeInvis +   i - +3 trident (vorpal)
rCold   . . .      Faith    .   n - +4 kite shield
rNeg    . . .      Spirit   .   (body armour unavailable)
rPois   .          Reflect  .   (helmet restricted)
rElec   +          Harm     .   a - +0 cloak
rCorr   .          Rampage  .   (no gloves)
Will    .....                   (no boots)
Stlth   +++.......              b - amulet of regeneration
HPRegen 1.00/turn               l - +6 ring of dexterity
MPRegen 0.16/turn               r - ring of see invisible

@: short of breath
A: breathe lightning, AC +7, unfitting armour, electricity resistance,
cold-blooded
a: Breathe Lightning, Renounce Religion


You were on level 8 of the Dungeon.
You worshipped Vehumet.
Vehumet was aware of your devotion.
You visited 2 branches of the dungeon, and saw 9 of its levels.

You collected 405 gold pieces.
You spent 112 gold pieces at shops.

Inventory:

Hand Weapons
 i - a +3 vorpal trident (weapon)
Missiles
 g - 2 throwing nets
Armour
 a - a +0 cloak (worn)
 n - a +4 kite shield (worn)
Jewellery
 b - an amulet of regeneration (around neck)
 l - a +6 ring of dexterity (left hand)
 r - a ring of see invisible (right hand)
Wands
 o - a wand of polymorph (7)
Scrolls
 d - a scroll of immolation {unknown}
 t - a scroll of silence
Potions
 c - a potion of attraction {unknown}
 e - a potion of cancellation
 k - 2 potions of lignification
 p - a potion of brilliance
 q - a potion of flight {unknown}


   Skills:
 + Level 6.4 Dodging
 + Level 6.9 Stealth
 + Level 6.4 Spellcasting
 + Level 7.9 Conjurations


You had 17 spell levels left.
You knew the following spells:

 Your Spells              Type           Power      Damage    Failure   Level
a - Magic Dart            Conj           100%       1d8       1%          1
b - Searing Ray           Conj           82%        2d7       1%          2

Your spell library contained the following spells:

 Spells                   Type           Power      Damage    Failure   Level
 Sandblast                Erth           14%        2d6       32%         1
 Dazzling Flash           Conj/Hex       48%        N/A       19%         3
 Sting                    Tmut/Pois      28%        1d4       32%         1
 Poisonous Vapours        Pois/Air       14%        N/A       43%         2
 Fulminant Prism          Conj/Hex       12%        3d9       54%         4
 Iskenderun's Mystic Bla  Conj/Tloc      24%        2d7       54%         4
 Gell's Gravitas          Tloc           7%         N/A       67%         3
 Inner Flame              Hex/Fire       7%         N/A       67%         3
 Lesser Beckoning         Tloc           7%         N/A       67%         3
 Teleport Other           Tloc           7%         N/A       67%         3
 Irradiate                Conj/Tmut      12%        3d15      87%         5
 Cause Fear               Hex            3%         N/A       97%         4
 Olgreb's Toxic Radiance  Pois           7%         N/A       97%         4
 Blade Hands              Tmut           3%         N/A       100%        5
 Dragon Form              Tmut           3%         N/A       100%        7
 Discord                  Hex            3%         N/A       100%        8


Dungeon Overview and Level Annotations

Branches:
Dungeon (8/15)             Temple (1/1) D:6
   Lair: D:8-11

Altars:
Ashenzari
Cheibriados
Dithmenos
Elyvilon
Fedhas
Gozag
Hepliaklqana
Kikubaaqudgha
Makhleb
Nemelex Xobeh
Okawaru
Qazlal
Ru
Sif Muna
Trog
Uskayaw
Vehumet
Wu Jian
Yredelemnul
Zin
The Shining One

Shops:
D:3 !   D:7 =


Innate Abilities, Weirdness & Mutations

You can breathe wild blasts of lightning.
Your glossy black scales are hard. (AC +7)
You cannot fit into any form of body armour.
You are resistant to electric shocks. (rElec)
You are cold-blooded and may be slowed by cold attacks.


Message History

Aim: a deep troll (severely wounded, 82% to hit)
The searing ray hits the deep troll.
The deep troll is severely wounded. (Press . to maintain the ray.)
You block the deep troll's attack.
The deep troll claws you but does no damage.
The deep troll closely misses you.
Casting: Searing Ray (safe; 1% risk of failure)
Confirm with . or Enter, or press ? or * to list all spells.
Restarting spell: Searing Ray (safe; 1% risk of failure)
Press: ? - help, Shift-Dir - straight line, f/p - deep troll
Aim: a deep troll (severely wounded, 82% to hit)
The searing ray hits the deep troll.
The deep troll is severely wounded. (Press . to maintain the ray.)
An orc comes into view. It is wielding a +0 dagger.
You block the deep troll's attack. The deep troll claws you.
* * * LOW HITPOINT WARNING * * *
The deep troll closely misses you.
Casting: Searing Ray (safe; 1% risk of failure)
Confirm with . or Enter, or press ? or * to list all spells.
Restarting spell: Searing Ray (safe; 1% risk of failure)
Press: ? - help, Shift-Dir - straight line, f/p - deep troll
Aim: a deep troll (severely wounded, 82% to hit)
The searing ray hits the deep troll!
The deep troll is almost dead. (Press . to maintain the ray.)
The deep troll closely misses you. The deep troll claws you!
* * * LOW HITPOINT WARNING * * *
The deep troll claws you.
* * * LOW HITPOINT WARNING * * *
Casting: Searing Ray (safe; 1% risk of failure)
Confirm with . or Enter, or press ? or * to list all spells.
Restarting spell: Searing Ray (safe; 1% risk of failure)
Press: ? - help, Shift-Dir - straight line, f/p - deep troll
Aim: a deep troll (almost dead, 82% to hit)
The searing ray misses the deep troll. (Press . to maintain the ray.)
The deep troll bites you!!
You die...

#.####.# #......###
#........#
#........#
#........#
#........#
#......<.#
###...##############
#.@T...o).........
#.[########.######
#..# ..♣ #### ~~)♣
~~... ~~.♣.♣ ..♣♣♣♣
.♣#


You could see a deep troll and an orc.

Vanquished Creatures
  Maggie (D:7)
  Menkaure (D:6)
  An acid dragon (D:6)
  A water moccasin (D:6)
  An orc warrior (D:7)
  3 ice beasts
  3 black bears (D:6)
  4 ogres
  A centaur (D:7)
  A phantom (D:4)
  Blork the orc (D:4)
  A bullfrog (D:4)
  3 scorpions
  2 necrophages (D:7)
  3 wights (D:6)
  4 howler monkeys (D:7)
  An orc priest (D:5)
  A gnoll bouda (D:6)
  A jelly (D:4)
  5 iguanas
  5 orc wizards
  6 gnolls
  10 adders
  A shadow imp (D:6)
  A white imp (D:5)
  An ufetubus (D:4)
  A worm (D:4)
  3 dart slugs
  15 orcs
  6 ball pythons
  8 bats
  6 endoplasms
  4 giant cockroaches
  7 goblins
  7 hobgoblins
  7 jackals
  4 quokkas
  4 frilled lizards
  10 kobolds
  8 rats
153 creatures vanquished.

Notes
Turn   | Place    | Note
-------+----------+-------------------------------------------
     0 | D:1      | retardedninja the Draconian Conjurer began the quest for
                  | the Orb.
     0 | D:1      | Reached XP level 1. HP: 14/14 MP: 3/3
   106 | D:1      | Found a faded altar of an unknown god.
   398 | D:1      | Reached XP level 2. HP: 20/20 MP: 1/5
  1727 | D:2      | Reached XP level 3. HP: 26/26 MP: 0/6
  3033 | D:3      | Reached XP level 4. HP: 33/33 MP: 2/7
  3294 | D:3      | Noticed an ogre
  3297 | D:3      | Killed an ogre
  3298 | D:3      | Reached XP level 5. HP: 38/38 MP: 7/9
  3339 | D:3      | You fall into a shaft and drop 3 floors!
  3373 | D:5      | Entered Level 5 of the Dungeon
  3916 | D:4      | Reached skill level 5 in Conjurations
  3996 | D:4      | Noticed an ice beast
  4006 | D:4      | Learned a level 2 spell: Searing Ray
  4019 | D:4      | Killed an ice beast
  4020 | D:4      | Reached XP level 6. HP: 45/45 MP: 3/11
  5199 | D:4      | Your scales start taking on a glossy black colour.
  5199 | D:4      | Reached XP level 7. HP: 50/50 MP: 9/12
  5199 | D:4      | Gained mutation: You are resistant to electric shocks.
                  | (rElec) [Black Draconian growth]
  5506 | D:4      | Identified the +2 robe of the Orcish Mines {Str+3 Int+4}
  5512 | D:4      | Found a radiant altar of Vehumet.
  5525 | D:4      | Became a worshipper of Vehumet
  6254 | D:3      | Found Ykkog's Distillery.
  6259 | D:3      | Bought a potion of heal wounds for 70 gold pieces
  6259 | D:3      | Bought a potion of curing for 42 gold pieces
  6858 | D:4      | Noticed Blork the orc
  6867 | D:4      | Killed Blork the orc
  6867 | D:4      | Reached * piety under Vehumet
  6867 | D:4      | Offered knowledge of Sandblast by Vehumet.
  8130 | D:5      | Reached skill level 6 in Conjurations
  8563 | D:5      | Reached XP level 8. HP: 29/57 MP: 5/14
  8756 | D:6      | Reached skill level 5 in Stealth
  9468 | D:6      | Noticed Menkaure
  9471 | D:6      | Reached skill level 5 in Spellcasting
  9478 | D:6      | Killed Menkaure
  9479 | D:6      | Reached skill level 5 in Dodging
 10355 | D:6      | Found a staircase to the Ecumenical Temple.
 11025 | D:6      | Reached skill level 7 in Conjurations
 11300 | D:6      | Reached XP level 9. HP: 44/62 MP: 8/17
 12273 | Temple   | Entered the Ecumenical Temple
 13650 | D:7      | Noticed Maggie
 13677 | D:7      | Killed Maggie
 14752 | D:7      | Found Doashryli's Jewellery Boutique.
 15029 | D:7      | Identified the +1 ring mail "Vais" {Contam +Blink rN++
                  | Will+}
 15272 | D:8      | Noticed a two-headed ogre
 15279 | D:8      | Noticed a deep troll
 15279 | D:8      | a two-headed ogre changed into a deep troll
 15289 | D:8      | HP: 3/62 [deep troll (11)]
 15290 | D:8      | Demolished by a deep troll

Illustrated notes

Levels and vault maps discovered:
D:1:      dpeg_arrival_shrine, layout_basic, hellmonk_ecumenical_altar_lost_god
D:2:      layout_loops_ring
D:3:      layout_loops_ring, serial_shops, nicolae_shop_stone, kennysheep_donut
D:4:      layout_rooms, nicolae_vehumet_radiance, nicolae_figureground_pulse,
          uniq_blork_the_orc
D:5:      layout_basic, chequers_jeans, minmay_statues_item
D:6:      layout_layer_cave, minmay_temple_entry_hall, kennysheep_path_1,
          uniq_menkaure
D:7:      layout_gridville, minmay_shop_enchanted_jewellery, uniq_maggie
D:8:      nzn_winding_woodlands_three_and_one
          [nzn_winding_woodlands_5x15_pathside_ponds,
          nzn_winding_woodlands_5x15_lazy_stream,
          nzn_winding_woodlands_5x15_pool,
          nzn_winding_woodlands_center_pierced_h], layout_basic, serial_shops,
          shop
Temple:   nicolae_temple_bog_church

Skill      XL: |  1  2  3  4  5  6  7  8  9 |
---------------+----------------------------+-----
Dodging        | 2 3 4 5 6 |  6.4
Stealth        | 2 3 4 6 |  6.9
Spellcasting   | 3 4 5 6 |  6.4
Conjurations   | 5 6 7 |  7.9

Action                   |  1- 3 |  4- 6 |  7- 9 || total
-------------------------+-------+-------+-------++-------
Melee: Unarmed           |     4 |       |       ||     4
       Spear             |     8 |    23 |     7 ||    38
       Tailslap          |     1 |     2 |     2 ||     5
       Trident           |       |       |    14 ||    14
 Cast: Magic Dart        |   102 |    71 |   307 ||   480
       Searing Ray       |       |     7 |    56 ||    63
 Abil: Breathe Lightning |       |       |     5 ||     5
Evoke: Wand              |       |     5 |     4 ||     9
  Use: Potion            |       |     8 |    10 ||    18
       Scroll            |       |     7 |     8 ||    15
Armor: Skin              |    15 |    28 |    43 ||    86
Dodge: Dodged            |    35 |    27 |    90 ||   152
Block: Kite shield       |       |    24 |    95 ||   119
